AoeStats
← 竞技场场王

Arena

509603415Analyzed
4v4 RM · 6d ago on Sep 27, 2026· 41m 27s· 8 players
Game mode
Random Map
Map size
Large (8 player)
Population
200
Speed
Normal
Resources
Standard
Victory
Conquest
Starting age
Dark Age
Ending age
Imperial Age
RankedLock teamsTeams togetherTeam positionsShared explorationLock speedFull tech treeHidden civsTurbo modeCheats
Victory
Defeat
🇨🇳 Danes · China
1290
+12
🇨🇳 Magyars · China
1283
+13
🇨🇳 Wu · China
1211
+16
🇨🇳 Franks · China
1186
+17
🇷🇺 Celts · Russia
1343
-20
🇹🇼 Italians · Taiwan
1202
-14
1193
-14
🇨🇾 Teutons · Cyprus
1092
-10
JonnyD
11:31 Feudal Age
16:09 Castle Age
14:57 Double-Bit Axe
18:22 Scale Barding Armor
18:29 Forging
20:35 Horse Collar
20:49 Gold Mining
25:12 Heavy Plow
26:24 Bloodlines
27:44 Chain Barding Armor
28:37 Bow Saw
28:17 Loom
28:20 Town Watch
29:15 Wheelbarrow
31:40 Imperial Age
30:06 Fortified Wall
30:17 Ballistics
30:11 Stone Mining
31:28 Pikeman
32:09 Squires
32:11 Scale Mail Armor
32:32 Siege Engineers
33:08 Stone Shaft Mining
33:26 Hand Cart
34:14 Chain Mail Armor
34:35 Iron Casting
34:11 Cavalier
37:36 Crenellations
38:19 Plate Mail Armor
38:00 Fletching
40:41 Blast Furnace
39:37 Bodkin Arrow
40:10 Paladin
傳奇商店
11:39 Feudal Age
16:59 Castle Age
22:52 Imperial Age
20:34 Double-Bit Axe
21:06 Horse Collar
21:20 Fletching
21:30 Padded Archer Armor
24:26 Bow Saw
26:24 Gold Mining
26:53 Bodkin Arrow
29:03 Loom
29:22 Bracer
35:07 Elite Genoese Crossbowman
36:09 Conscription
36:53 Leather Archer Armor
37:52 Two-Man Saw
一二一二一二一二
9:57 Feudal Age
11:44 Loom
15:07 Castle Age
13:29 Double-Bit Axe
17:05 Bow Saw
20:40 Wheelbarrow
20:21 Town Watch
23:03 Fortified Wall
23:51 Masonry
25:25 Hand Cart
27:45 Gold Mining
30:28 Gold Shaft Mining
32:25 Imperial Age
30:23 Scale Barding Armor
30:28 Forging
30:39 Husbandry
31:35 Chain Barding Armor
32:27 Cavalier
32:46 Light Cavalry
34:00 Conscription
34:22 Paladin
36:26 Stone Mining
37:12 Architecture
36:40 Murder Holes
39:11 Plate Barding Armor
39:12 Iron Casting
roman.gringo
10:07 Feudal Age
14:12 Castle Age
13:05 Gold Mining
13:02 Double-Bit Axe
29:09 Wheelbarrow
36:55 Imperial Age
35:52 Pikeman
36:58 Ballistics
37:23 Halberdier
38:08 Scale Mail Armor
38:18 Forging
不学不练
10:40 Feudal Age
11:31 Loom
15:54 Castle Age
14:26 Double-Bit Axe
17:30 Fletching
28:44 Padded Archer Armor
竞技场场王
10:10 Feudal Age
10:25 Feudal Age
14:35 Castle Age
12:30 Double-Bit Axe
12:51 Horse Collar
14:46 Light Cavalry
19:41 Wheelbarrow
21:09 Bow Saw
22:35 Hand Cart
23:55 Heavy Plow
24:01 Gold Mining
24:50 Stone Mining
25:32 Sanctity
28:07 Gold Shaft Mining
30:11 Imperial Age
27:51 Loom
27:52 Town Watch
28:14 Scale Barding Armor
28:12 Husbandry
28:22 Bloodlines
29:50 Chain Barding Armor
30:30 Bloodlines
30:21 Cavalier
31:37 Plate Barding Armor
31:24 Conscription
32:09 Two-Man Saw
31:48 Paladin
33:36 Capped Ram
35:12 Fletching
35:57 Heavy Scorpion
37:11 Bodkin Arrow
37:24 Siege Engineers
37:40 Ballistics
38:20 Chemistry
38:04 Bracer
38:05 Padded Archer Armor
39:21 Chemistry
38:23 Scale Mail Armor
39:43 Hoardings
40:12 Crop Rotation
40:15 Leather Archer Armor
40:41 Heavy Cavalry Archer
41:47 Parthian Tactics
41:29 Thumb Ring
xxxibgdrgn
9:55 Feudal Age
13:37 Castle Age
11:26 Double-Bit Axe
12:38 Loom
15:22 Bow Saw
21:50 Forging
23:41 Iron Casting
24:25 Scale Barding Armor
25:20 Wheelbarrow
25:52 Gold Mining
26:41 Chain Barding Armor
27:40 Gold Shaft Mining
26:56 Stone Mining
27:29 Hand Cart
27:49 Town Watch
28:19 Husbandry
32:00 Imperial Age
29:51 Treadmill Crane
30:22 Fortified Wall
32:04 Cavalier
34:25 Blast Furnace
33:25 Scale Mail Armor
34:54 Town Patrol
34:52 Paladin
不太爽
10:12 Feudal Age
14:25 Castle Age
12:53 Double-Bit Axe
12:56 Horse Collar
15:03 Loom
18:44 Fletching
20:44 Gold Mining
22:17 Bodkin Arrow
23:26 Wheelbarrow
24:54 Bow Saw
28:28 Imperial Age
27:01 Heavy Plow
27:15 Padded Archer Armor
29:35 Town Watch
29:55 Stone Mining
29:47 Cranequins
30:30 Elite Skirmisher
31:12 Bracer
31:28 Leather Archer Armor
32:35 Leather Archer Armor
Connection lost

Rejoining the realm…

Still unreachable

The connection could not be restored.

Session expired

The server has moved on; the page needs a fresh start.